 Dungeon Crawl Stone Soup version 0.30-a0-652-gcc886f7154 (webtiles) character file.

Game seed: 1204423261986656592

1304 NinjaNoafa the Shooter (level 8, -2/58 HPs)
             Began as a Merfolk Gladiator on Jan 17, 2023.
             Was a Believer of Okawaru.
             Slain by Crazy Yiuf
             ... wielding a +2 quarterstaff of chaos
              (10 damage)
             ... on level 4 of the Dungeon.
             The game lasted 00:11:01 (5262 turns).

NinjaNoafa the Shooter (Merfolk Gladiator)          Turns: 5262, Time: 00:11:01

Health: -2/58      AC:  4    Str: 10    XL:     8   Next: 57%
Magic:  8/8        EV: 14    Int:  7    God:    Okawaru [**....]
Gold:   208        SH:  0    Dex: 19    Spells: 7/7 levels left

rFire   . . .      SeeInvis +    a - +6 shortbow of Paper {flame, Will++ rCorr Str-5 Dex+2}
rCold   . . .      Faith    .    (shield currently unavailable)
rNeg    . . .      Spirit   .    v - +0 leather armour
rPois   .          Reflect  .    c - +0 helmet
rElec   .          Harm     .    (no cloak)
rCorr   +          Rampage  .    (no gloves)
Will    ++...                    (no boots)
Stlth   ++                       (no amulet)
HPRegen 0.29/turn                k - ring of see invisible
MPRegen 0.11/turn                (no ring)

@: brilliant, lethally poisoned (-2 -> -17)
A: (nimble swimmer 2), mertail
a: Renounce Religion, Heroism


You were on level 4 of the Dungeon.
You worshipped Okawaru.
Okawaru was pleased with you.
You visited 2 branches of the dungeon, and saw 7 of its levels.

You collected 208 gold pieces.

Inventory:

Hand Weapons
 a - the +6 shortbow of Paper (weapon) {flame, Will++ rCorr Str-5 Dex+2}
   (You found it on level 3 of the Dungeon)

   Str:       It affects your strength (-5).
   Dex:       It affects your dexterity (+2).
   rCorr:     It protects you from acid and corrosion.
   Will:      It greatly increases your willpower.
 b - a +3 short sword
Missiles
 d - 2 throwing nets
 e - 3 poisoned darts
 u - a javelin
Armour
 c - a +0 helmet (worn)
 v - a +0 leather armour (worn)
Jewellery
 k - a ring of see invisible (left hand)
 r - a ring of fire
 B - a ring of fire
Scrolls
 h - 11 scrolls of identify {unknown}
 j - 2 scrolls of vulnerability {unknown}
 l - 3 scrolls of fear {unknown}
 m - 4 scrolls of magic mapping {unknown}
 n - 5 scrolls of amnesia {unknown}
 p - 2 scrolls of noise {unknown}
 s - 2 scrolls of torment {unknown}
 t - 2 scrolls of enchant armour {unknown}
 y - a scroll of fog {unknown}
 A - a scroll of enchant weapon {unknown}
 C - a scroll of teleportation {unknown}
Potions
 f - 2 potions of attraction
 g - 3 potions of curing
 i - a potion of lignification {unknown}
 q - a potion of heal wounds {unknown}
 w - a potion of invisibility {unknown}
 x - a potion of haste {unknown}
 z - a potion of might {unknown}


   Skills:
 - Level 3.2 Fighting
 - Level 4.5 Short Blades
 + Level 6.1 Ranged Weapons
 - Level 2.0 Throwing
 - Level 5.0 Dodging
 - Level 2.3 Stealth
 + Level 3.9 Translocations


You had 7 spell levels left.
You didn't know any spells.
Your spell library contained the following spells:

 Spells                   Type           Power      Damage    Failure   Level
 Apportation              Tloc           16%        N/A       13%         1
 Blink                    Tloc           16%        N/A       19%         2
 Lesser Beckoning         Tloc           16%        N/A       19%         2
 Momentum Strike          Conj/Tloc      8%         3d8       41%         2
 Necrotise                Necr           0%         1d4       54%         1
 Vhi's Electric Charge    Tloc/Air       8%         N/A       65%         3
 Arcjolt                  Conj/Air       0%         1d10      100%        5
 Maxwell's Capacitive Co  Air            0%         ∞         100%        8
 Summon Small Mammal      Summ           Unusable   N/A       N/A         1

Dungeon Overview and Level Annotations

Branches:
Dungeon (6/15)             Temple (1/1) D:4

Altars:
Ashenzari
Cheibriados
Dithmenos
Fedhas
Gozag
Hepliaklqana
Kikubaaqudgha
Makhleb
Nemelex Xobeh
Okawaru
Qazlal
Ru
Sif Muna
Trog
Uskayaw
Vehumet
Wu Jian
Xom
Yredelemnul
Zin

Annotations:
D:4 Crazy Yiuf


Innate Abilities, Weirdness & Mutations

((You are very nimble when in or above water. (Stealth+, EV+, Speed+++)))
Your lower body shifts to a powerful aquatic tail in water.


Message History

You shoot an arrow.
The arrow hits Crazy Yiuf but does no damage.
Crazy Yiuf shouts!
You shoot an arrow. The arrow barely misses Crazy Yiuf.
You shoot an arrow. The arrow barely misses Crazy Yiuf.
Crazy Yiuf whimpers, "Orb rumpyflump sing!"
Crazy Yiuf hits you with a +2 quarterstaff of chaos!
You shoot an arrow. The arrow barely misses Crazy Yiuf.
Crazy Yiuf grits, "Castle!
Rot horse cower."
Crazy Yiuf hits you with a +2 quarterstaff of chaos!
You are poisoned.
You shoot an arrow. The arrow hits Crazy Yiuf.
The arrow burns Crazy Yiuf.
Crazy Yiuf is heavily wounded.
You feel very sick. Crazy Yiuf completely misses you.
You shoot an arrow. The arrow hits Crazy Yiuf.
The arrow burns Crazy Yiuf.
Crazy Yiuf is severely wounded.
You feel very sick.
Crazy Yiuf hits you with a +2 quarterstaff of chaos!
Crazy Yiuf freezes you.
You shoot an arrow.
The arrow hits Crazy Yiuf but does no damage.
Crazy Yiuf is severely wounded.
You feel very sick. Crazy Yiuf misses you.
You shoot an arrow. The arrow hits Crazy Yiuf.
The arrow burns Crazy Yiuf.
Crazy Yiuf is almost dead.
You feel sick.
Crazy Yiuf grits, "Snoogle foot tired!"
Crazy Yiuf barely misses you.
Crazy Yiuf whimpers, "Key!
Fluff koolooloo mumblescurry."
Crazy Yiuf hits you with a +2 quarterstaff of chaos.
* * * LOW HITPOINT WARNING * * *
You are lethally poisoned!
It was a potion of brilliance.
You feel clever all of a sudden.
* * * LOW HITPOINT WARNING * * *
You feel very sick.
Crazy Yiuf hits you with a +2 quarterstaff of chaos!
You die...

♣♣♣♣♣### ###
♣♣♣.♣.P#.#####
#...#♣..♣.........##
#...g@♣♣♣♣.♣.......###
#)..#♣♣ ♣♣P#.........
### ♣♣##..[.....
#........ #.......[
########........
#.(.............
##..............
###########....


You could see Crazy Yiuf.

Vanquished Creatures
  Pikel (D:5)
  Sigmund (D:5)
  A black bear (D:4)
  2 lemures (D:5)
  A necrophage (D:5)
  A scorpion (D:5)
  A howler monkey (D:5)
  2 jellies (D:3)
  A hound (D:4)
  3 orc priests (D:4)
  Ijyb (D:4)
  2 iguanas (D:5)
  2 orc wizards (D:4)
  2 adders
  An ufetubus (D:4)
  3 worms
  5 dart slugs
  7 orcs
  19 endoplasms
  5 giant cockroaches
  5 hobgoblins
  2 jackals
  A quokka (D:2)
  7 ball pythons
  6 bats
  4 frilled lizards
  10 goblins
  12 kobolds
  3 rats
111 creatures vanquished.

Vanquished Creatures (others)
  7 fungi
  4 toadstools (D:3)
11 creatures vanquished.

Grand Total: 122 creatures vanquished

Notes
Turn   | Place    | Note
-------+----------+-------------------------------------------
     0 | D:1      | NinjaNoafa the Merfolk Gladiator began the quest for the
                  | Orb.
     0 | D:1      | Reached XP level 1. HP: 16/16 MP: 1/1
   175 | D:1      | Reached XP level 2. HP: 21/23 MP: 2/2
   285 | D:1      | Reached skill level 1 in Stealth
   688 | D:1      | Reached XP level 3. HP: 28/28 MP: 3/3
  1246 | D:2      | Reached XP level 4. HP: 19/34 MP: 4/4
  2449 | D:3      | Reached skill level 5 in Dodging
  2984 | D:3      | Identified the +6 shortbow of Paper {flame, Will++ rCorr
                  | Str-5 Dex+2}
  3024 | D:3      | Reached skill level 1 in Ranged Weapons
  3024 | D:3      | Reached XP level 5. HP: 41/41 MP: 5/5
  3109 | D:4      | Reached skill level 2 in Ranged Weapons
  3111 | D:4      | Noticed a black bear
  3181 | D:4      | Killed a black bear
  3182 | D:4      | Reached skill level 3 in Ranged Weapons
  3182 | D:4      | Reached XP level 6. HP: 40/47 MP: 6/6
  3224 | D:4      | Noticed Ijyb
  3387 | D:4      | Found a runed translucent door.
  3388 | D:4      | Noticed Crazy Yiuf
  3510 | D:4      | Killed Ijyb
  3511 | D:4      | Reached skill level 4 in Ranged Weapons
  3562 | D:4      | Found a staircase to the Ecumenical Temple.
  3571 | Temple   | Entered the Ecumenical Temple
  3671 | Temple   | Became a worshipper of Warmaster Okawaru
  3738 | D:4      | Reached XP level 7. HP: 52/52 MP: 7/7
  4090 | D:5      | Entered Level 5 of the Dungeon
  4352 | D:5      | Noticed Sigmund
  4359 | D:5      | Killed Sigmund
  4360 | D:5      | Reached skill level 1 in Translocations
  4363 | D:5      | Reached skill level 5 in Ranged Weapons
  4383 | D:5      | Reached * piety under Okawaru
  4448 | D:5      | Found a hide-covered altar of Uskayaw.
  4448 | D:5      | Found a shimmering altar of Xom.
  4449 | D:5      | Found a glowing silver altar of Zin.
  4453 | D:5      | Found an ancient bone altar of Kikubaaqudgha.
  4454 | D:5      | Found a radiant altar of Vehumet.
  4522 | D:5      | Noticed Pikel
  4572 | D:5      | Killed Pikel
  4572 | D:5      | Reached ** piety under Okawaru
  4573 | D:5      | Reached skill level 6 in Ranged Weapons
  4573 | D:5      | Reached XP level 8. HP: 12/58 MP: 8/8
  5262 | D:4      | Slain by Crazy Yiuf

Illustrated notes

Levels and vault maps discovered:
D:1:      matt_arrival_refuge, layout_basic, minmay_pentomino_o4
D:2:      layout_basic
D:3:      cheibrodos_fertilizer, layout_rooms
D:4:      layout_rooms, minmay_temple_entry_offerings, uniq_ijyb,
          uniq_crazy_yiuf_cottage
D:5:      layout_loops_corners, minitemple, chequers_serial_rivers_large_a,
          uniq_pikel, uniq_sigmund
D:6:      layout_basic, enter_ossuary_1, st_stairs_14, uniq_eustachio,
          uniq_menkaure
Temple:   nicolae_temple_superstar

Skill      XL: |  1  2  3  4  5  6  7 |
---------------+----------------------+-----
Stealth        | 1 2 |  2.3
Short Blades   | 4 |  4.5
Fighting       | 3 |  3.2
Dodging        | 5 |  5.0
Ranged Weapons | 1 3 4 6 |  6.1
Translocations | 3 |  3.9
Throwing       | |  2.0

Action                   |  1- 3 |  4- 6 |  7- 9 || total
-------------------------+-------+-------+-------++-------
Melee: Rapier            |   109 |    98 |       ||   207
       Short sword       |       |    15 |       ||    15
 Fire: Shortbow          |       |    48 |    67 ||   115
Throw: Javelin           |     2 |     1 |       ||     3
       Throwing net      |       |     1 |       ||     1
  Use: Potion            |       |       |     5 ||     5
 Stab: Sleeping          |     4 |     4 |       ||     8
Armor: Leather armour    |    36 |    25 |     7 ||    68
Dodge: Dodged            |   120 |    93 |    36 ||   249

Table legend: (Time is in decaauts)
 A = Elapsed time spent in this place.
 B = Non-inter-level travel time spent in this place.
 C = Inter-level travel time spent in this place.
 D = Time resting spent in this place.
 E = Time spent auto-exploring this place.
 F = Levels seen in this place.
 G = Mean time per level.
                   A        B        C        D        E       F      G
               +--------+--------+--------+--------+--------+-----+--------+
         Total |   5277 |   4907 |    370 |      0 |   3903 |   7 |  753.9 |
       Dungeon |   5116 |   4776 |    340 |      0 |   3798 |   6 |  852.7 |
        Temple |    160 |    130 |     30 |      0 |    105 |   1 |  160.0 |
               +--------+--------+--------+--------+--------+-----+--------+

Top non-repeatable levels by time:
     D:2: 1184 daAuts
     D:5: 1121 daAuts
     D:3: 1117 daAuts
     D:1: 986 daAuts
     D:4: 701 daAuts
  Temple: 160 daAuts
     D:6: 4 daAuts
